 Dungeon Crawl Stone Soup version 0.31-a0-774-g0d66cbabe8 (webtiles) character file.

Game seed: 16778382669970648027

242 Shayle the Firebug (level 6, 0/82 HPs)
             Began as an Ogre Hexslinger on Sept 18, 2023.
             Succumbed to a water moccasin's poison
             ... on level 5 of the Dungeon.
             The game lasted 00:08:42 (3785 turns).

Shayle the Firebug (Ogre Hexslinger)                Turns: 3785, Time: 00:08:43

Health: 0/82       AC: 23    Str: 12    XL:     6   Next: 9%
Magic:  7/7        EV:  1    Int: 20    God:
Gold:   197        SH:  5    Dex: 10    Spells: 5/7 levels left

rFire   . . .        a - +1 sling (drain)
rCold   . . .        (no shield)
rNeg    . . .        c - melded +0 robe
rPois   +            (helmet currently unavailable)
rElec   .            d - melded +0 cloak
rCorr   +            (gloves unavailable)
SInv    .            (boots unavailable)
Will    .....        f - amulet of reflection
Stlth   +            e - ring of resist corrosion
HPRegen 0.33/turn    (no ring)
MPRegen 0.10/turn

%: reflection
@: lethally poisoned (0 -> -3), tree-form (expiring)
A: stationary, stasis, torment immunity, boosted hp, large, unfitting armour,
(tough skin 1), (talons 1), clever 1
a: no special abilities


You were on level 5 of the Dungeon.
You were a tree.
You visited 1 branch of the dungeon, and saw 6 of its levels.

You collected 197 gold pieces.

Inventory:

Hand Weapons
 a - a +1 sling of draining (weapon)
 h - a +0 heavy spear
 m - a +2 whip of flaming
Armour
 c - a +0 robe (melded)
 d - a +0 cloak (melded)
 l - the orb "Dufeda" {guile, rC- Int+9 SInv}
   (You found it on level 3 of the Dungeon)

   Int+9:     It affects your intelligence (+9).
   rC-:       It makes you vulnerable to cold.
   SInv:      It lets you see invisible.
Jewellery
 e - a ring of resist corrosion (left branch)
 f - an amulet of reflection (around neck)
 p - a ring of fire
Wands
 o - a wand of iceblast (6)
Scrolls
 b - a scroll of poison
 g - a scroll of immolation
 i - 3 scrolls of blinking
 k - 3 scrolls of teleportation
 n - 2 scrolls of noise
Potions
 j - a potion of lignification


   Skills:
 - Level 1.3 Fighting
 - Level 1.3 Ranged Weapons
 - Level 1.7 Dodging
 + Level 3.5 Unarmed Combat
 - Level 1.2 Spellcasting
 - Level 2.6 Hexes
 + Level 3.7 Fire Magic


You had 5 spell levels left.
You knew the following spells:

 Your Spells              Type           Power      Damage    Failure   Level
a - Jinxbite              Hex            22%        N/A       9%          2

Your spell library contained the following spells:

 Spells                   Type           Power      Damage    Failure   Level
 Inner Flame              Hex/Fire       14%        N/A       14%         3
 Sigil of Binding         Hex            11%        N/A       17%         3
 Cause Fear               Hex            5%         N/A       50%         4
 Dimensional Bullseye     Hex/Tloc       3%         N/A       69%         4


Dungeon Overview and Level Annotations

Branches:
Dungeon (6/15)
 Temple: D:4-7

Altars:
Elyvilon


Innate Abilities, Weirdness & Mutations

You are a tree.
Your roots penetrate the ground, keeping you stationary.
You cannot be teleported.
You are immune to unholy pain and torment.
Your maximum health is greatly increased.
Your equipment is partially melded.
You are too large for most types of armour.
((You have tough skin. (AC +1)))
((You have sharp toenails.))
Your mind is acute. (Int +4, Str/Dex -1)


Message History

You shoot a sling bullet.
The sling bullet misses the water moccasin.
You feel sick.
The water moccasin bites you but does no damage.
The water moccasin bites you.
* * * LOW HITPOINT WARNING * * *
You are lethally poisoned!
The water moccasin poisons you!
You shoot a sling bullet.
The sling bullet completely misses the water moccasin.
* * * LOW HITPOINT WARNING * * *
You feel very sick.
The water moccasin bites you but does no damage.
The water moccasin bites you.
* * * LOW HITPOINT WARNING * * *
Casting: Jinxbite (safe; 9% risk of failure)
Confirm with . or Enter, or press ? or * to list all spells.
Okay, then.
You shoot a sling bullet.
The sling bullet misses the water moccasin.
* * * LOW HITPOINT WARNING * * *
You feel very sick.
The water moccasin bites you but does no damage. x2
Okay, then.
You shoot a sling bullet.
The sling bullet misses the water moccasin.
* * * LOW HITPOINT WARNING * * *
You feel sick.
The water moccasin bites you but does no damage.
You block the water moccasin's attack.
You shoot a sling bullet.
The sling bullet barely misses the water moccasin.
Your transformation is almost over.
* * * LOW HITPOINT WARNING * * *
You feel sick.
The water moccasin bites you but does no damage. x2
You shoot a sling bullet.
The sling bullet hits the water moccasin.
The water moccasin is severely wounded.
You die...

#.. ... ... #.#
#.# #.# #S# #♣#
#.# #.# #.# #.#
#.# #.# #.# #.#
#.# #)# ########.#
#.### #........#
#.#.#####.########


You could see a water moccasin (very drained).

Vanquished Creatures
  2 hounds
  2 iguanas (D:4)
  6 adders
  3 dart slugs
  2 worms (D:4)
  7 orcs
  3 bats (D:1)
  5 endoplasms
  2 giant cockroaches (D:2)
  2 goblins (D:1)
  6 hobgoblins
  2 quokkas
  3 ball pythons
  10 kobolds
  8 rats
63 creatures vanquished.

Notes
Turn   | Place    | Note
-------+----------+-------------------------------------------
     0 | D:1      | Shayle the Ogre Hexslinger began the quest for the Orb.
     0 | D:1      | Reached XP level 1. HP: 19/19 MP: 2/2
    39 | D:1      | Reached skill level 1 in Fire Magic
    99 | D:1      | Reached XP level 2. HP: 27/27 MP: 3/3
   117 | D:1      | Reached skill level 1 in Unarmed Combat
   542 | D:2      | Reached XP level 3. HP: 33/33 MP: 4/4
  1371 | D:3      | You fall into a shaft and drop 3 floors!
  1385 | D:5      | Entered Level 5 of the Dungeon
  1421 | D:5      | Reached XP level 4. HP: 37/41 MP: 5/5
  1462 | D:5      | Found a white marble altar of Elyvilon.
  1485 | D:5      | Gained mutation: Your mind is acute. (Int +4, Str/Dex -1)
                  | [potion of mutation]
  1485 | D:5      | Gained mutation: You have sharp toenails. [potion of
                  | mutation]
  1941 | D:3      | Identified the orb "Dufeda" {guile, rC- Int+9 SInv}
  2397 | D:4      | Reached XP level 5. HP: 11/48 MP: 6/6
  3027 | D:4      | Learned a level 2 spell: Jinxbite
  3280 | D:4      | Reached XP level 6. HP: 55/55 MP: 7/7
  3761 | D:5      | Noticed a water moccasin
  3782 | D:5      | HP: 4/82 [poisoned by a water moccasin]
  3785 | D:5      | Succumbed to a water moccasin's poison

Illustrated notes

Levels and vault maps discovered:
D:1:      evilmike_arrival_crescent, layout_rooms
D:2:      layout_basic, st_stairs_12, serial_bayou_ford_a, skrybe_limestone_x
D:3:      layout_rooms
D:4:      layout_loops_corners
D:5:      layout_loops_ring, nemelex_diamond_rough_becter, elyvilon_altar_4,
          minmay_temple_entry_nine_rooms
D:6:      layout_layer_cave, chequers_serial_rivers_micro_d,
          kennysheep_cross_room

Skill      XL: |  1  2  3  4  5 |
---------------+----------------+-----
Fire Magic     | 1 2 3 |  3.7
Unarmed Combat | 1 2 3 |  3.5
Fighting       | |  1.3
Ranged Weapons | |  1.3
Dodging        | |  1.7
Spellcasting   | |  1.2
Hexes          | |  2.6

Action                     |  1- 3 |  4- 6 || total
---------------------------+-------+-------++-------
   Fire: Sling             |   116 |   195 ||   311
    Use: Potion            |       |     6 ||     6
         Scroll            |       |     6 ||     6
 Armour: Robe              |    35 |    99 ||   134
         Skin              |       |    21 ||    21
  Dodge: Dodged            |    35 |    48 ||    83
  Block: Other             |     1 |    43 ||    44
         Reflection        |       |     1 ||     1

Table legend: (Time is in decaauts)
 A = Elapsed time spent in this place.
 B = Non-inter-level travel time spent in this place.
 C = Inter-level travel time spent in this place.
 D = Time resting spent in this place.
 E = Time spent auto-exploring this place.
 F = Levels seen in this place.
 G = Mean time per level.
                   A        B        C        D        E       F      G
               +--------+--------+--------+--------+--------+-----+--------+
         Total |   3869 |   3687 |    182 |    631 |   2271 |   6 |  644.8 |
       Dungeon |   3869 |   3687 |    182 |    631 |   2271 |   6 |  644.8 |
               +--------+--------+--------+--------+--------+-----+--------+

Top non-repeatable levels by time:
     D:4: 1696 daAuts
     D:2: 644 daAuts
     D:3: 569 daAuts
     D:1: 475 daAuts
     D:5: 468 daAuts
     D:6: 15 daAuts
